 Dungeon Crawl Stone Soup version 0.28.0-43-g3370ac3207 (webtiles) character file.

Game seed: 17466580556067515770

87350 croobank the Arsonist (level 15, -25/126 HPs)
             Began as a Grey Draconian Fire Elementalist on Apr 1, 2022.
             Was a High Priest of Vehumet.
             Annihilated by an orc warlord
             ... wielding a +3 great sword
              (46 damage)
             ... on level 10 of the Dungeon.
             The game lasted 02:14:05 (19213 turns).

croobank the Arsonist (DrFE)                       Turns: 19213, Time: 02:14:06

Health: -25/126    AC: 21    Str: 11    XL:     15   Next: 43%
Magic:  17/28      EV: 15    Int: 22    God:    Vehumet [*****.]
Gold:   1110       SH:  0    Dex: 12    Spells: 1/33 levels left

rFire   + . .      SeeInvis .   B - +6 great mace of Shrieking Expedience {speed, Will+}
rCold   . . .      Faith    .   (shield currently unavailable)
rNeg    . . .      Spirit   .   (armour unavailable)
rPois   .          Reflect  .   o - +2 hat
rElec   +          Harm     .   y - scarf {shadows}
rCorr   .          Rampage  .   P - +1 pair of gloves
Will    ++++.                   A - +2 pair of boots "Suqi" {Regen+}
Stlth   +++.......              Z - amulet of Symmetry {+Inv rElec rF+ Regen+ Stlth-}
HPRegen 1.91/turn               v - ring of willpower
MPRegen 0.21/turn               D - ring of willpower

@: unable to read
A: AC +14, amphibious, unfitting armour, cold-blooded, inability to read while
threatened
a: Renounce Religion, Evoke Invisibility


You were on level 10 of the Dungeon.
You worshipped Vehumet.
Vehumet was extremely pleased with you.
You visited 4 branches of the dungeon, and saw 18 of its levels.
You also visited: Sewer and Gauntlet.

You collected 1110 gold pieces.

Inventory:

Hand Weapons
 c - the +2 quarterstaff of Causality {antimagic, rElec rF- rC++ Will+}
   (You took it off a kobold on level 9 of the Dungeon)

   It reduces the magical energy of the wielder, and disrupts the spells and
   magical abilities of those it strikes.
   Natural abilities and divine invocations are not affected.
   rF:        It makes you vulnerable to fire.
   rC:        It greatly protects you from cold.
   rElec:     It insulates you from electricity.
   Will:      It increases your willpower.
 e - a +0 broad axe of flaming
 f - a +1 dagger of holy wrath
 h - a +1 vampiric short sword
 r - a +3 dagger of draining
 B - the +6 great mace of Shrieking Expedience (weapon) {speed, Will+}
   (You took it off Urug on level 10 of the Dungeon)

   Attacks with this weapon are significantly faster.
   Will:      It increases your willpower.
 H - a +2 short sword of venom
 M - a +0 vorpal arbalest
 O - a +4 long sword of draining
 X - the +3 quick blade of Exquisite Torment {holy, Int+6}
   (You found it on level 6 of the Lair of Beasts)

   It has been blessed by the Shining One to cause great damage to the undead
   and demons.
   Int:       It affects your intelligence (+6).
Missiles
 I - a curare-tipped dart (quivered)
 N - 6 atropa-tipped darts
 Y - 14 javelins
Armour
 l - a +3 buckler
 o - a +2 hat (worn)
 y - a scarf of shadows (worn)
 A - the +2 pair of boots "Suqi" (worn) {Regen+}
   (You acquired it on level 5 of the Dungeon)

   Regen:     It increases your rate of health regeneration.
 P - a +1 pair of gloves (worn)
Magical Staves
 a - a staff of fire
 T - a staff of death
Jewellery
 n - a ring of positive energy
 p - a ring of ice
 q - a ring of protection from fire
 u - an amulet of magic regeneration
 v - a ring of willpower (left hand)
 w - an amulet of guardian spirit
 C - a ring of ice
 D - a ring of willpower (right hand)
 F - a ring of magical power
 J - a ring of wizardry
 K - a +6 ring of dexterity
 V - a +6 ring of dexterity
 Z - the amulet of Symmetry (around neck) {+Inv rElec rF+ Regen+ Stlth-}
   (You found it on level 9 of the Dungeon)

   [amulet of regeneration]

   rF:        It protects you from fire.
   rElec:     It insulates you from electricity.
   +Inv:      It lets you turn invisible.
   Regen:     It increases your rate of health regeneration.
   Stlth:     It makes you less stealthy.
Wands
 k - a wand of polymorph (19)
 s - a wand of flame (36)
 z - a wand of iceblast (22)
 Q - a wand of digging (5)
Scrolls
 g - a scroll of teleportation
 x - 2 scrolls of immolation
 E - a scroll of noise
 L - a scroll of holy word
 R - a scroll of fear
 S - 3 scrolls of magic mapping
 U - 5 scrolls of identify
Potions
 b - a potion of magic
 d - 3 potions of lignification
 i - 7 potions of curing
 j - a potion of haste
 m - a potion of mutation
 t - 4 potions of flight
 G - 2 potions of might
Miscellaneous
 W - a condenser vane (inert)


   Skills:
 - Level 10.0 Fighting
 - Level 9.2 Short Blades
 + Level 9.5 Dodging
 + Level 10.3 Stealth
 + Level 9.5 Spellcasting
 + Level 10.2 Conjurations
 - Level 5.5 Hexes
 + Level 3.2 Summonings
 + Level 10.5 Fire Magic
 + Level 3.2 Ice Magic


You had one spell level left.
You knew the following spells:

 Your Spells              Type           Power      Damage    Failure   Level
a - Foxfire               Conj/Fire      100%       2x1d9     1%          1
b - Scorch                Fire           100%       2d10      1%          2
c - Flame Wave            Conj/Fire      54%        2d11      1%          4
d - Poisonous Vapours     Pois/Air       20%        N/A       2%          2
e - Mephitic Cloud        Conj/Pois/Air  25%        N/A       1%          3
f - Summon Ice Beast      Ice/Summ       24%        N/A       17%         4
g - Sandblast             Erth           20%        2d7       1%          1
h - Shock                 Conj/Air       100%       1d9       1%          1
i - Stone Arrow           Conj/Erth      64%        3d11      1%          3
j - Fulminant Prism       Conj/Hex       22%        3d13      1%          4
k - Frozen Ramparts       Ice            48%        1d6       1%          3
l - Sticky Flame          Conj/Fire      54%        2d7       1%          4

Your spell library contained the following spells:

 Spells                   Type           Power      Damage    Failure   Level
 Starburst                Conj/Fire      27%        6d9       4%          6
 Freeze                   Ice            96%        1d11      1%          1
 Magic Dart               Conj           100%       1d8       1%          1
 Apportation              Tloc           20%        N/A       6%          1
 Conjure Flame            Conj/Fire      54%        6-21      1%          3
 Ignite Poison            Fire/Tmut/Pois 25%        N/A       1%          3
 Inner Flame              Hex/Fire       45%        N/A       1%          3
 Hailstorm                Conj/Ice       40%        3d10      1%          4
 Fireball                 Conj/Fire      27%        3d12      1%          5
 Iskenderun's Battlesphe  Conj           53%        2d10      1%          5
 Call Imp                 Summ           24%        N/A       2%          2
 Freezing Cloud           Conj/Ice/Air   15%        6-21      8%          5
 Corpse Rot               Necr/Air       20%        N/A       10%         2
 Orb of Destruction       Conj           26%        9d9       21%         7
 Summon Mana Viper        Hex/Summ       29%        N/A       30%         5
 Conjure Ball Lightning   Conj/Air       16%        3x3d6     30%         6
 Silence                  Hex/Air        11%        N/A       50%         5
 Dispel Undead            Necr           10%        3d9       54%         4
 Passage of Golubria      Tloc           10%        N/A       54%         4
 Alistair's Intoxication  Tmut/Pois      6%         N/A       87%         5
 Death Channel            Necr           5%         N/A       100%        6
 Monstrous Menagerie      Summ           12%        N/A       100%        7
 Lehudib's Crystal Spear  Conj/Erth      16%        10d5      100%        8


Dungeon Overview and Level Annotations

Branches:
Dungeon (10/15)            Temple (1/1) D:6            Lair (6/6) D:8
 Shoals (0/4) Lair:4       Spider (0/4) Lair:3        Slime (0/5) Lair:5
    Orc (1/2) D:10          Sewer (visited)         Gauntlet (visited)

Altars:
Ashenzari
Cheibriados
Dithmenos
Elyvilon
Fedhas
Gozag
Hepliaklqana
Kikubaaqudgha
Makhleb
Nemelex Xobeh
Okawaru
Qazlal
Ru
Sif Muna
Trog
Uskayaw
Vehumet
Wu Jian
Xom
Yredelemnul
The Shining One

Shops:
D:10 (

Annotations:
Lair:5 3 runed translucent doors, Caath's ghost, journeyman DrFi


Innate Abilities, Weirdness & Mutations

Your dull iron-grey scales are very hard. (AC +14)
You are amphibious.
You cannot fit into any form of body armour.
You are cold-blooded and may be slowed by cold attacks.
You sometimes lose the ability to read scrolls when taking damage.


Message History

A wave of flame ripples out!
The flame wave engulfs the orc warlord but does no damage.
The orc warlord is lightly wounded.
The flame wave engulfs the orc high priest!
You kill the orc high priest!
Vehumet accepts your kill.
You feel your power returning.
The flame wave engulfs the orc knight!!
The orc knight is heavily wounded.
The flame wave engulfs the orc knight.
The orc knight is severely wounded.
The flame wave engulfs the orc wizard!
The orc wizard is almost dead.
The flame wave engulfs the orc warrior!
The orc warrior is heavily wounded.
You finish channelling waves of flame.
You hear a shout! x4
The orc knight roars a battlecry!
The orcs go into a battle-frenzy!
The orc knight misses you.
An orc comes into view. It is wielding a +0 short sword.
The orc warlord hits you with a +3 great sword.
An orc wizard comes into view. It is wielding a +0 dagger.
The orc knight hits you with a +0 great mace.
The orc knight hits you with a +0 war axe!!
* * * LOW HITPOINT WARNING * * *
The orc warlord roars a battlecry!
The orc wizard casts a spell at you.
The magic dart hits you but does no damage.
You climb upwards.
Welcome back to the Dungeon!
There is a staircase to the Orcish Mines here.
Clouds of noxious fumes condense around you!
The condenser dries out!
The orc knight is engulfed in noxious fumes.
The orc knight appears confused.
The orc knight mumbles something.
The orc knight misses you.
The orc knight is engulfed in noxious fumes.
The orc knight appears confused.
The orc warlord is engulfed in noxious fumes.
The orc warlord hits you with a +3 great sword!!!
You die...

.####........####.......### ..#
##....................## ..#
#........#.#####[......### .##
#.......#....#...........#
.####.....####....[####......#
....#.#...#....§8§[...#.....##
......#...#....§B§....##.....#
...##.##...÷...§§§§.........##
...#...#...8[.o§@o§..8......###
......##.#....§§oo§...........#
......##.##...§§§§§...#..##.###
.......#..#.....8.....#...###
..........####.....####.###
.........###..<....####.###
..........#.......#..#..#.##
..................#.#......#
..##................###....#


You could see an orc warlord (strong), a boulder beetle (wandering), 2 orc
knights and an orc wizard (strong).

Vanquished Creatures
  Snorg (D:10)
  8 hydras
  2 boulder beetles
  A catoblepas (Lair:6)
  A two-headed ogre (D:9)
  7 death yaks
  Urug (D:10)
  An orc high priest (Orc:1)
  2 goliath frogs (Lair:6)
  An orc knight (D:10)
  4 ugly things
  A manticore (Lair:4)
  A cyclops (D:9)
  5 elephants (Lair:4)
  2 torpor snails
  4 black mambas
  An ice statue (D:9)
  21 cane toads
  2 gargoyles (D:10)
  2 unseen horrors (D:10)
  A kobold demonologist (D:9)
  2 rime drakes
  12 komodo dragons
  2 polar bears
  2 meliai
  2 tyrant leeches (Lair:6)
  Grinder (D:5)
  A wind drake (Lair:4)
  12 dream sheep
  18 blink frogs
  7 wyverns
  65 yaks
  A wraith (D:9)
  4 basilisks
  Menkaure (D:5)
  2 steam dragons
  7 vampire mosquitoes
  A warg (Orc:1)
  2 acid dragons
  16 water moccasins
  2 hell hounds (Lair:3)
  6 orc warriors
  4 black bears
  2 ice beasts
  2 necrophages (D:6)
  3 sky beasts
  14 wolves
  2 ogres
  3 phantoms
  Blork the orc (D:5)
  16 bullfrogs
  5 kobold brigands
  A gnoll sergeant (D:6)
  2 scorpions
  A wyvern skeleton (D:4)
  3 wights (D:8)
  8 howler monkeys
  An electric eel (Lair:6)
  6 crimson imps (D:7)
  5 centaur zombies
  4 bullfrog zombies
  5 hounds
  4 orc priests
  3 jellies
  A centaur skeleton (D:8)
  A hell rat (Sewer)
  8 iguanas
  A scorpion zombie (D:5)
  Natasha (thrice) (D:3)
  7 orc wizards
  A killer bee zombie (D:7)
  A hound zombie (D:5)
  2 howler monkey zombies
  4 gnolls
  A river rat (Sewer)
  18 adders
  3 shadow imps
  5 white imps
  An ufetubus (D:5)
  3 worms
  6 dart slugs
  29 orcs
  3 bats
  14 endoplasms
  3 giant cockroaches
  6 goblins
  11 hobgoblins
  4 quokkas
  3 training dummies (D:10)
  9 ball pythons
  6 frilled lizards
  31 kobolds
  10 rats
525 creatures vanquished.

Vanquished Creatures (collateral kills)
  7 foxfires
7 creatures vanquished.

Vanquished Creatures (others)
  A bush (D:8)
  587 foxfires
  5 fulminant prisms
  52 fungi
  121 plants
766 creatures vanquished.

Grand Total: 1298 creatures vanquished

Notes
Turn   | Place    | Note
-------+----------+-------------------------------------------
     0 | D:1      | croobank the Draconian Fire Elementalist began the quest
                  | for the Orb.
     0 | D:1      | Reached XP level 1. HP: 14/14 MP: 3/3
   126 | D:1      | Reached XP level 2. HP: 20/20 MP: 1/5
   194 | D:1      | Learned a level 2 spell: Scorch
   650 | D:1      | Reached XP level 3. HP: 26/26 MP: 3/6
   746 | D:1      | Found a burning altar of Makhleb.
  1141 | D:2      | Reached XP level 4. HP: 33/33 MP: 4/7
  2379 | D:3      | Found a faded altar of an unknown god.
  2748 | D:3      | Reached XP level 5. HP: 38/38 MP: 3/9
  2758 | D:3      | Learned a level 4 spell: Flame Wave
  2761 | D:3      | Learned a level 2 spell: Poisonous Vapours
  2840 | D:3      | Noticed Natasha
  2845 | D:3      | Killed Natasha
  3254 | D:3      | Noticed Natasha
  3259 | D:3      | Killed Natasha
  3284 | D:3      | Noticed Natasha
  3292 | D:3      | Killed Natasha
  3481 | D:4      | Reached skill level 1 in Fighting
  3658 | D:4      | Reached XP level 6. HP: 47/47 MP: 4/10
  3749 | D:4      | Reached skill level 1 in Short Blades
  4225 | D:4      | Identified a scroll of acquirement
  4227 | D:4      | Acquired a staff of fire
  4322 | D:4      | Your scales start taking on a dull iron-grey colour.
  4322 | D:4      | Reached XP level 7. HP: 53/53 MP: 10/12
  5026 | D:5      | Entered Level 5 of the Dungeon
  5052 | D:5      | Noticed Grinder
  5059 | D:5      | Paralysed by Grinder for 7 turns
  5060 | D:5      | Noticed Eustachio
  5382 | D:5      | Noticed Blork the orc
  5401 | D:5      | Killed Blork the orc
  5522 | D:5      | Reached XP level 8. HP: 54/62 MP: 4/13
  5644 | D:5      | Noticed Eustachio
  5644 | D:5      | Eustachio changed into Eustachio the worm
  5648 | D:5      | Killed Eustachio the worm
  5905 | D:5      | Noticed Menkaure
  5922 | D:5      | Killed Menkaure
  5923 | D:5      | Reached skill level 5 in Fire Magic
  5929 | D:5      | Acquired the +2 pair of boots "Suqi" {Regen+}
  6040 | D:5      | Paralysed by Grinder for 6 turns
  6050 | D:5      | Killed Grinder
  6461 | D:6      | Found a glowing drain.
  6466 | Sewer    | Entered a sewer
  6658 | D:6      | Found a staircase to the Ecumenical Temple.
  6667 | Temple   | Entered the Ecumenical Temple
  6705 | Temple   | Became a worshipper of Vehumet
  6710 | Temple   | Learned a level 3 spell: Mephitic Cloud
  6715 | Temple   | Learned a level 4 spell: Summon Ice Beast
  6865 | D:6      | Reached XP level 9. HP: 71/71 MP: 10/15
  7157 | D:6      | Reached skill level 5 in Stealth
  7344 | D:6      | Identified the +0 ring mail "Ruoxoqie" {rF+}
  7446 | D:7      | Reached skill level 5 in Spellcasting
  7446 | D:7      | Reached skill level 5 in Conjurations
  7478 | D:7      | Found a shadowy altar of Dithmenos.
  7644 | D:7      | Reached skill level 5 in Dodging
  7757 | D:7      | Reached skill level 5 in Fighting
  7788 | D:7      | Reached * piety under Vehumet
  7788 | D:7      | Offered knowledge of Sandblast by Vehumet.
  7802 | D:7      | Learned a level 1 spell: Sandblast
  8279 | D:8      | Reached XP level 10. HP: 66/81 MP: 12/18
  8285 | D:8      | Reached skill level 5 in Short Blades
  8293 | D:8      | Offered knowledge of Shock by Vehumet.
  8293 | D:8      | Reached ** piety under Vehumet
  8461 | D:8      | Found a staircase to the Lair.
  8530 | D:8      | Learned a level 1 spell: Shock
  8671 | D:8      | Offered knowledge of Stone Arrow by Vehumet.
  9152 | D:9      | Noticed an ice statue
  9161 | D:9      | Noticed a brown ugly thing
  9176 | D:9      | Killed a brown ugly thing
  9240 | D:9      | Found a hide-covered altar of Uskayaw.
  9273 | D:9      | Noticed a cyan ugly thing
  9279 | D:9      | Killed a cyan ugly thing
  9290 | D:9      | Noticed a two-headed ogre
  9296 | D:9      | Killed a two-headed ogre
  9312 | D:9      | Reached *** piety under Vehumet
  9315 | D:9      | Noticed a sixfirhy
  9315 | D:9      | Noticed a cyclops
  9315 | D:9      | Identified the +2 quarterstaff of Causality {antimagic,
                  | rElec rF- rC++ Will+}
  9318 | D:9      | Noticed a deep elf pyromancer
  9322 | D:9      | Gained mutation: You sometimes lose the ability to read
                  | scrolls when taking damage. [a neqoxec]
  9326 | D:9      | Reached XP level 11. HP: 79/91 MP: 6/20
  9491 | Lair:1   | Entered Level 1 of the Lair of Beasts
  9520 | Lair:1   | Learned a level 3 spell: Stone Arrow
  9832 | Lair:1   | Offered knowledge of Fulminant Prism by Vehumet.
 10950 | Lair:2   | Noticed an eight-headed hydra
 10961 | Lair:2   | Killed an eight-headed hydra
 10992 | Lair:2   | Reached **** piety under Vehumet
 11454 | Lair:3   | Reached XP level 12. HP: 101/101 MP: 20/22
 11459 | Lair:3   | Learned a level 4 spell: Fulminant Prism
 11511 | Lair:3   | Found a hole to the Spider Nest.
 11550 | Lair:3   | Offered knowledge of Irradiate by Vehumet.
 11628 | Lair:3   | Found a runed translucent door.
 11713 | Lair:3   | Found a gate leading to a gauntlet.
 11744 | Gauntlet | Entered a Gauntlet
 11744 | Gauntlet | Found a large runed translucent door.
 11744 | Gauntlet | Found a large runed translucent door.
 11744 | Gauntlet | Found a large runed translucent door.
 11744 | Gauntlet | Found a large runed translucent door.
 11744 | Gauntlet | Found a large runed translucent door.
 11744 | Gauntlet | Found a large runed translucent door.
 11744 | Gauntlet | Found a large runed translucent door.
 11744 | Gauntlet | Found a large runed translucent door.
 11744 | Gauntlet | Found a runed translucent door.
 11744 | Gauntlet | Found a runed translucent gate.
 11746 | Gauntlet | Found a transporter.
 11749 | Gauntlet | Noticed a death scarab
 11751 | Gauntlet | Found a transporter.
 11752 | Gauntlet | Found a runed translucent door.
 11753 | Gauntlet | Found a large runed translucent door.
 11753 | Gauntlet | Found a large runed translucent door.
 11753 | Gauntlet | Found a large runed translucent door.
 11753 | Gauntlet | Found a large runed translucent door.
 11756 | Gauntlet | Found a runed translucent gate.
 11758 | Gauntlet | Found a transporter.
 11766 | Gauntlet | Noticed a death scarab
 11861 | Lair:3   | Found a dark tunnel.
 12108 | Lair:3   | Noticed a five-headed hydra
 12117 | Lair:3   | Killed a five-headed hydra
 12515 | Lair:3   | Noticed a four-headed hydra
 12525 | Lair:3   | Killed a four-headed hydra
 12815 | Lair:4   | Found a staircase to the Shoals.
 13292 | Lair:4   | Noticed a seven-headed hydra
 13297 | Lair:4   | Killed a seven-headed hydra
 13431 | Lair:4   | Noticed a death yak
 13435 | Lair:4   | Noticed a death yak
 13435 | Lair:4   | Noticed a death yak
 13553 | Lair:4   | Killed a death yak
 13627 | Lair:3   | Killed a death yak
 13629 | Lair:3   | Killed a death yak
 13956 | Lair:5   | Reached XP level 13. HP: 111/111 MP: 21/25
 13984 | Lair:5   | Found a staircase to the Slime Pits.
 14001 | Lair:5   | Reached ***** piety under Vehumet
 14013 | Lair:5   | Offered knowledge of Sticky Flame by Vehumet.
 14318 | Lair:5   | Found a runed translucent gate.
 14318 | Lair:5   | Found a runed translucent gate.
 14319 | Lair:5   | Found a runed translucent gate.
 14320 | Lair:5   | Noticed Caath's ghost (journeyman DrFi)
 14544 | Lair:4   | HP: 4/111 [death yak (15)]
 15144 | Lair:6   | Entered Level 6 of the Lair of Beasts
 15432 | Lair:6   | Reached skill level 10 in Fighting
 15638 | Lair:6   | Reached skill level 10 in Fire Magic
 15672 | Lair:6   | Reached XP level 14. HP: 92/121 MP: 27/27
 15677 | Lair:6   | Identified the +3 quick blade of Exquisite Torment {holy,
                  | Int+6}
 15693 | Lair:6   | Reached skill level 1 in Summonings
 15698 | Lair:6   | Learned a level 3 spell: Frozen Ramparts
 15709 | Lair:6   | Reached skill level 5 in Hexes
 15709 | Lair:6   | Reached XP level 15. HP: 121/126 MP: 28/28
 15741 | Lair:6   | Reached skill level 1 in Ice Magic
 16065 | Lair:6   | Learned a level 4 spell: Sticky Flame
 16261 | Lair:6   | Reached skill level 10 in Stealth
 16447 | Lair:6   | Offered knowledge of Starburst by Vehumet.
 17042 | D:9      | Identified the amulet of Symmetry {+Inv rElec rF+ Regen+
                  | Stlth-}
 17650 | D:10     | Entered Level 10 of the Dungeon
 17703 | D:10     | Reached skill level 10 in Conjurations
 18092 | D:10     | Found a staircase to the Orcish Mines.
 18298 | D:10     | Noticed Snorg
 18314 | D:10     | Killed Snorg
 18464 | D:10     | Found Syituk's Firing Range.
 18735 | D:10     | Found an ornate altar of the Wu Jian Council.
 18765 | D:10     | Identified the +6 great mace of Shrieking Expedience
                  | {speed, Will+}
 18765 | D:10     | Noticed Urug
 18777 | D:10     | Killed Urug
 19193 | Orc:1    | Entered Level 1 of the Orcish Mines
 19202 | Orc:1    | Noticed an orc warlord
 19213 | D:10     | Annihilated by an orc warlord

Illustrated notes

Levels and vault maps discovered:
D:1:      sevenhm_arrival_forest_fort_small_6, layout_rooms, solitary_fountain
D:2:      layout_basic, amcnicky_mini_rare_corridor_liquid
D:3:      layout_basic, hellmonk_ecumenical_altar_crossroads,
          hangedman_glass_teeth, hangedman_decor_growths, uniq_natasha
D:4:      nicolae_BIG_FREAKIN_CUBE, layout_loops_ring, minmay_snake_closets
D:5:      layout_basic, nzn_random_ring, uniq_eustachio, uniq_grinder,
          uniq_menkaure, uniq_blork_the_orc
D:6:      layout_basic, temple_doors_e, gup_sewer_entry_spiral
D:7:      layout_gridville, pf_just_have_faith, minmay_nine_imps
D:8:      layout_basic, minmay_lair_entry_grove, chequers_serial_rivers_micro_b,
          corexii_checkpoint_a, kennysheep_diamond
D:9:      minmay_cut_squares, layout_irregular_city, nicolae_uskayaw_dance_hall,
          minmay_statue_bubble
D:10:     minmay_chambers_of_sevens, layout_cave_pools,
          nzn_wu_jian_council_hall, david_orc_2, amcnicky_mini_corridor_feature,
          nicolae_shop_firing_range, uniq_urug, uniq_snorg
Temple:   mainiacjoe_temple_bowtie_tessellation
Lair:1:   layout_long_grid
Lair:2:   layout_roguey, serial_rivers, chequers_serial_rivers_micro_c,
          chequers_serial_rivers_marsh, chequers_serial_rivers_micro_c,
          chequers_serial_rivers_micro_d, chequers_serial_rivers_micro_e
Lair:3:   layout_regular_city, dummy_spider_entry, gauntlet_entry_generic,
          enter_volcano_3, minivault_25, nicolae_quartered_pool_super,
          pf_torpor_hydra
Lair:4:   layout_concentric_octagons, minmay_shoals_entry_beasts
Lair:5:   layout_loops_ring, nicolae_slime_entry_slimehenge,
          gammafunk_ghost_hydra_chop, grunt_megastairs_3
Lair:6:   minmay_lair_end_frog_pond, layout_regular_city
Orc:1:    layout_caves, guppyfry_orc_lava_fort

Skill      XL: |  1  2  3  4  5  6  7  8  9 10 11 12 13 14 15 |
---------------+----------------------------------------------+-----
Stealth        | 2 3 4 5 6 7 8 9 10 | 10.3
Dodging        | 2 3 4 5 6 7 8 9 |  9.5
Conjurations   | 2 3 4 5 6 7 8 9 10 | 10.2
Spellcasting   | 3 4 5 6 7 8 9 |  9.5
Fighting       | 1 2 4 5 6 7 9 10 | 10.0
Fire Magic     | 4 5 6 7 8 9 10 | 10.5
Short Blades   | 1 2 3 4 5 7 8 9 |  9.2
Summonings     | 1 3 |  3.2
Hexes          | 5 |  5.5
Ice Magic      | 3 |  3.2

Action                   |  1- 3 |  4- 6 |  7- 9 | 10-12 | 13-15 || total
-------------------------+-------+-------+-------+-------+-------++-------
Melee: Unarmed           |    13 |       |       |       |       ||    13
       Dagger            |     1 |    12 |   159 |    44 |    31 ||   247
       Tailslap          |     1 |     1 |    36 |    13 |    56 ||   107
       Staff             |       |       |    68 |    10 |       ||    78
       Quick blade       |       |       |       |       |   121 ||   121
       Quarterstaff      |       |       |       |       |    32 ||    32
       Great mace        |       |       |       |       |    18 ||    18
Throw: Dart              |       |       |       |     3 |     3 ||     6
       Stone             |       |       |       |     1 |     1 ||     2
 Cast: Foxfire           |    30 |    57 |    88 |    95 |    75 ||   345
       Scorch            |     9 |    42 |   139 |   291 |   316 ||   797
       Flame Wave        |       |     1 |     5 |    29 |    45 ||    80
       Sandblast         |       |       |     3 |       |       ||     3
       Shock             |       |       |       |     7 |     2 ||     9
       Poisonous Vapours |       |       |       |     3 |     1 ||     4
       Stone Arrow       |       |       |       |    18 |       ||    18
       Fulminant Prism   |       |       |       |     3 |     2 ||     5
       Mephitic Cloud    |       |       |       |     1 |       ||     1
       Sticky Flame      |       |       |       |       |     3 ||     3
       Summon Ice Beast  |       |       |       |       |     1 ||     1
Evoke: Wand              |       |       |     1 |     1 |     1 ||     3
       Condenser vane    |       |       |       |       |     1 ||     1
  Use: Scroll            |       |     7 |    12 |    16 |     6 ||    41
       Potion            |       |       |       |     1 |    11 ||    12
 Stab: Confused          |       |       |       |     2 |       ||     2
Armor: Skin              |     8 |     9 |   167 |   172 |   251 ||   607
Dodge: Dodged            |    12 |    17 |   196 |   211 |   308 ||   744
Block: Buckler           |       |       |    66 |    92 |    75 ||   233
